 Dungeon Crawl Stone Soup version 0.19-a0-1743-g6dcb786 (webtiles) character file.

119581 zaptum the Severer (level 16, -2/144 HPs)
             Began as a Naga Air Elementalist on Oct 1, 2016.
             Was a High Priest of Cheibriados.
             Shot with a bolt by a naga sharpshooter (17 damage)
             ... on level 1 of the Snake Pit.
             The game lasted 02:30:01 (36900 turns).

zaptum the Severer (Naga Air Elementalist)         Turns: 36900, Time: 02:30:02

Health: -2/144     AC: 18    Str: 24    XL:     16   Next: 79%
Magic:  6/29       EV: 14    Int: 33    God:    Cheibriados [*****.]
Gold:   1432       SH:  7    Dex: 24    Spells: 7 memorised, 9 levels left

rFire  + . .     SeeInvis +     y - +2 broad axe (chop)
rCold  + . .     Gourm    .     f - +2 robe {rF+}
rNeg   . . .     Faith    .     T - +1 buckler {reflect}
rPois  +         Spirit   .     p - +2 hat
rElec  .         Dismiss  .     x - +2 cloak {rPois}
rCorr  .         Reflect  +     z - +0 pair of gloves
MR     +++..     Harm     .     C - +0 naga barding
Stlth  +++.......               (no amulet)
                                O - ring of protection from cold
                                g - ring of protection from magic

@: lethally poisoned (-2 -> -3), very slow
A: see invisible, deformed body, poison resistance, slowness 2, slow metabolism
1, spit poison 1, constrict 1, AC +5
a: Spit Poison, Bend Time, Temporal Distortion, Slouch, Step From Time, Renounce
Religion


You were on level 1 of the Snake Pit.
You worshipped Cheibriados.
Cheibriados was extremely pleased with you.
You were very hungry.

You visited 5 branches of the dungeon, and saw 25 of its levels.

You collected 2552 gold pieces.
You spent 1120 gold pieces at shops.

Inventory:

Hand Weapons
 a - the +0 broad axe of Eternal Harmony {flame, MR- Int+4}
   (You bought it in a shop on level 11 of the Dungeon)

   It has been specially enchanted to burn those struck by it, causing extra
   injury to most foes and up to half again as much damage against particularly
   susceptible opponents.
   Big, fiery blades are also staple armaments of hydra-hunters.
   It affects your intelligence (+4).
   It affects your resistance to hostile enchantments.
 y - a +2 broad axe of chopping (weapon)
Missiles
 u - 2 throwing nets (quivered)
Armour
 f - a +2 robe of fire resistance (worn)
 p - a +2 hat (worn)
 x - a +2 cloak of poison resistance (worn)
 z - a +0 pair of gloves (worn)
 C - a +0 naga barding (worn)
 T - a +1 buckler of reflection (worn)
Magical Staves
 k - an uncursed staff of wizardry
Jewellery
 g - a ring of protection from magic (left hand)
 L - an uncursed ring of ice
 O - a ring of protection from cold (right hand)
Wands
 b - a wand of teleportation (3/9)
 w - a wand of disintegration (10/24)
 S - a wand of digging (16/24)
 Y - a wand of acid (9/15)
Scrolls
 d - a scroll of summoning
 i - 7 scrolls of teleportation
 m - 3 scrolls of amnesia
 A - a scroll of fear
 B - 2 scrolls of recharging
 G - 3 scrolls of blinking
 M - a scroll of fog
Potions
 h - 7 potions of curing
 n - 3 potions of agility
 r - 2 potions of cancellation
 s - 2 potions of resistance
 t - 3 potions of invisibility
 E - 4 potions of brilliance
 H - 5 potions of flight
 J - 2 potions of cure mutation
 Z - a potion of magic
Miscellaneous
 e - a box of beasts
 F - a phantom mirror
 P - a sack of spiders
 R - a fan of gales
Comestibles
 j - 11 meat rations
 K - 2 royal jellies
 U - 15 fruits


   Skills:
 + Level 9.1 Fighting
 * Level 15.7 Axes
 - Level 7.0 Dodging
 - Level 3.0 Stealth
 - Level 2.4 Shields
 - Level 9.0 Spellcasting
 + Level 11.4 Conjurations
 - Level 3.0 Summonings
 + Level 11.7 Air Magic
 - Level 12.2 Invocations


You had 9 spell levels left.
You knew the following spells:

 Your Spells              Type           Power        Failure   Level  Hunger
a - Shock                 Conj/Air       ####         1%          1    None
b - Repel Missiles        Chrm/Air       ######       1%          2    None
c - Static Discharge      Conj/Air       ######..     1%          3    None
d - Lightning Bolt        Conj/Air       ######....   1%          5    ###....
e - Summon Lightning Spi  Summ/Air       ######..     1%          4    None
f - Summon Butterflies    Summ           ####....     1%          1    None
h - Chain Lightning       Conj/Air       ######....   99%         8    #######


Dungeon Overview and Level Annotations

Branches:
Dungeon (15/15)            Temple (1/1) D:4            Lair (6/6) D:11
 Shoals (0/4) Lair:2        Snake (1/4) Lair:3        Slime (0/5) Lair:5
    Orc (2/2) D:11            Elf (0/3) Orc:2        Vaults (0/5) D:14
 Depths (0/5) D:15

Altars:
Ashenzari
Cheibriados
Dithmenos
Elyvilon
Fedhas
Gozag
Hepliaklqana
Kikubaaqudgha
Makhleb
Nemelex Xobeh
Okawaru
Qazlal
Sif Muna
Uskayaw
Vehumet
Xom
Yredelemnul
Zin
Jiyva

Shops:
D:11 (   Orc:2 *((}


Innate Abilities, Weirdness & Mutations

You cannot wear boots.
Your serpentine skin is tough. (AC +5)
You have supernaturally acute eyesight. (SInv)
Armour fits poorly on your strangely shaped body.
Your system is resistant to poisons. (rPois)
You cover ground very slowly.
You have a slow metabolism.
You can spit poison.
You can use your snake-like lower body to constrict enemies.


Message History

The naga sharpshooter wields an uncursed arbalest.
The naga sharpshooter gestures wildly while chanting.
The naga sharpshooter magically shoots a bolt.
The bolt hits you!
* * * LOW HITPOINT WARNING * * *
The naga warrior hits you with a mace.
* * * LOW HITPOINT WARNING * * *
x2 The naga warrior constricts you.
You hit the naga warrior but do no damage.
The naga warrior is almost dead.
You constrict the naga warrior.
The naga sharpshooter spits poison at you.
The splash of poison misses you.
Unknown command.
You slash the naga warrior!
You kill the naga warrior!
Cheibriados appreciates the change of pace.
You feel sick.
You feel sick.
The naga sharpshooter shoots a bolt.
The bolt hits you!
You die...

..............#.............
.........##.........).......
...>........................
>...........................
.........).........#N.......
#.......##.....##.?..)...).
......#.#.....##.(......)...
..............#...N.....)...
.............@#..).....##...
###.........)(#)†.....## ..
#.........)()......## .
...........8#(N.....#
..............†....#...#
..................#...#.
.........##...........
....#...#.#...........
....######......#...#


You could see a naga sharpshooter and a friendly lightning spire.

Vanquished Creatures
  Rupert (D:12)
  An acid blob (Lair:5)
  Roxanne (D:15)
  Aizul (Snake:1)
  A stone giant (Orc:2)
  A yaktaur captain (D:15)
  Josephine (Orc:1)
  A naga warrior (Snake:1)
  A great orb of eyes (D:12)
  12 hydras
  2 catoblepae (Lair:5)
  6 centaur warriors
  2 ogre magi
  A dancing weapon (Orc:2)
  3 tengu warriors (D:15)
  14 death yaks
  2 shock serpents (Snake:1)
  A naga sharpshooter (Snake:1)
  5 orc high priests
  3 unseen horrors
  A deep elf archer (D:14)
  4 hill giants
  6 orc knights
  An ugly thing (D:13)
  A manticore (D:11)
  4 cyclopes
  4 orc sorcerers
  A mana viper (Snake:1)
  A deep elf mage (D:14)
  A salamander (Snake:1)
  Joseph (Lair:1)
  5 elephants
  2 naga magi (Snake:1)
  11 black mambas
  2 torpor snails
  7 spiny frogs
  An efreet (D:14)
  4 yaktaurs
  3 rime drakes
  6 komodo dragons
  A tengu conjurer (D:15)
  5 trolls
  A meliai (D:12)
  5 polar bears (Lair:6)
  13 blink frogs
  4 slime creatures (D:12)
  3 two-headed ogres
  4 dream sheep
  13 hippogriffs
  A shadow (D:13)
  Sigmund (D:2)
  A redback (Lair:6)
  3 wyverns
  34 yaks
  9 spriggans (Lair:6)
  A vampire (D:12)
  6 wraiths
  3 vampire mosquitoes (D:14)
  4 hungry ghosts
  4 basilisks
  6 wargs
  2 nagas (Snake:1)
  A mottled dragon (D:13)
  A soldier ant (D:13)
  15 porcupines
  15 water moccasins
  29 orc warriors
  3 ice beasts
  A wasp (Lair:6)
  3 phantoms
  4 black bears
  An eye of draining (D:10)
  4 sky beasts
  2 boggarts (Lair:6)
  14 ogres
  23 wolves
  8 centaurs
  13 crocodiles
  A big kobold (D:8)
  26 bullfrogs
  6 scorpions
  13 killer bees
  6 howler monkeys
  5 wights
  6 jellies
  10 crimson imps
  A quasit (D:9)
  A bullfrog zombie (D:12)
  3 centaur zombies
  6 hounds
  22 orc wizards
  15 orc priests
  3 centaur skeletons
  3 bullfrog skeletons
  12 iguanas
  12 worker ants
  13 hell rats (Lair:5)
  A bullfrog simulacrum (D:12)
  A hound skeleton (D:7)
  A worker ant zombie (D:11)
  11 gnolls
  A howler monkey skeleton (D:4)
  14 adders
  88 river rats
  4 shadow imps
  3 adder skeletons
  6 worms
  A dart slug (D:2)
  3 leopard geckos
  79 orcs
  4 giant cockroaches
  8 goblins
  7 hobgoblins
  10 jackals
  6 kobolds
  6 quokkas
  13 bats
  6 frilled lizards
  A leopard gecko skeleton (D:8)
  22 rats
  A fungus (Lair:3)
  5 plants
853 creatures vanquished.

Vanquished Creatures (collateral kills)
  A nagaraja (Snake:1)
  Snorg (Lair:3)
  Erica (D:8)
  2 centaur warriors (D:15)
  A death yak (Lair:3)
  An ogre mage (D:12)
  2 orc high priests (Orc:2)
  A deep elf mage (D:14)
  4 hill giants
  2 orc knights (Orc:2)
  An orc sorcerer (Orc:2)
  2 salamanders (Snake:1)
  A cyclops (Lair:2)
  A wolf spider (shapeshifter) (D:14)
  2 manticores
  Maurice (D:8)
  A centaur skeleton (D:13)
  9 elephants
  2 black mambas
  A spiny frog (Lair:3)
  A naga mage (Snake:1)
  A yaktaur (D:12)
  A kobold demonologist (D:15)
  A rime drake (Lair:3)
  2 komodo dragons
  3 tengu conjurers (D:13)
  2 meliai (D:12)
  3 trolls
  15 blink frogs
  A two-headed ogre (D:9)
  7 hippogriffs
  A tarantella (shapeshifter) (D:15)
  A wraith (Orc:1)
  5 spriggans (Lair:6)
  3 wyverns
  A vampire (D:10)
  15 yaks
  A steam dragon (D:11)
  A basilisk (Lair:3)
  3 nagas
  5 water moccasins
  23 orc warriors
  A porcupine (Lair:1)
  2 ice beasts
  A black bear (D:8)
  A wasp (Lair:6)
  3 ogres
  A boggart (Lair:6)
  8 wolves
  10 centaurs
  2 crocodiles
  2 big kobolds (D:8)
  A bullfrog (Lair:3)
  A wyvern zombie (D:8)
  3 scorpions
  4 wights (D:9)
  7 killer bees
  A jelly (D:9)
  22 orc priests
  A hound (D:10)
  9 orc wizards
  A bullfrog skeleton (D:8)
  4 iguanas
  A worker ant (D:8)
  15 river rats
  A shadow imp (D:8)
  A leopard gecko (D:8)
  49 orcs
  2 kobolds (D:15)
  A quokka (D:8)
  A fungus (Lair:3)
  2 plants (Lair:6)
291 creatures vanquished.

Vanquished Creatures (others)
  9 bushes (Lair:3)
  46 fungi
  33 plants
88 creatures vanquished.

Grand Total: 1232 creatures vanquished

Notes
Turn   | Place    | Note
-------+----------+-------------------------------------------
     0 | D:1      | zaptum the Naga Air Elementalist began the quest for the Orb.
     0 | D:1      | Reached XP level 1. HP: 15/15 MP: 3/3
   286 | D:1      | Reached XP level 2. HP: 22/22 MP: 3/5
   905 | D:1      | Learned a level 2 spell: Repel Missiles
  1004 | D:2      | Reached XP level 3. HP: 28/28 MP: 3/6
  1037 | D:2      | Learned a level 3 spell: Static Discharge
  1439 | D:2      | Noticed Sigmund
  1452 | D:2      | Killed Sigmund
  1452 | D:2      | Reached XP level 4. HP: 2/36 MP: 0/8
  1452 | D:2      | Reached XP level 5. HP: 3/42 MP: 0/9
  2504 | D:3      | Reached XP level 6. HP: 49/49 MP: 7/10
  2555 | D:3      | Found a shattered altar of Ashenzari.
  2861 | D:3      | Found a shimmering altar of Xom.
  2898 | D:3      | Reached skill level 5 in Air Magic
  3111 | D:3      | Found a radiant altar of Vehumet.
  3111 | D:3      | Found a basalt altar of Yredelemnul.
  3160 | D:4      | Reached XP level 7. HP: 55/55 MP: 6/12
  3211 | D:4      | Learned a level 5 spell: Lightning Bolt
  3780 | D:4      | Found a staircase to the Ecumenical Temple.
  3840 | Temple   | Entered the Ecumenical Temple
  3876 | Temple   | Became a worshipper of Cheibriados the Contemplative
  4132 | D:5      | Entered Level 5 of the Dungeon
  4775 | D:5      | Reached skill level 1 in Invocations
  4775 | D:5      | Reached XP level 8. HP: 62/62 MP: 8/13
  4998 | D:5      | Reached skill level 5 in Conjurations
  5276 | D:5      | Reached * piety under Cheibriados
  5734 | D:6      | Learned a level 4 spell: Summon Lightning Spire
  5819 | D:6      | Reached skill level 1 in Summonings
  5912 | D:6      | Reached ** piety under Cheibriados
  5912 | D:6      | Reached XP level 9. HP: 43/68 MP: 1/15
  6192 | D:6      | Found a hide-covered altar of Uskayaw.
  6192 | D:6      | Found a shimmering altar of Xom.
  6193 | D:6      | Found a shadowy altar of Dithmenos.
  6371 | D:6      | Reached skill level 1 in Shields
  7321 | D:6      | Reached *** piety under Cheibriados
  8000 | D:7      | Reached skill level 1 in Fighting
  8073 | D:7      | Learned a level 1 spell: Summon Butterflies
  8346 | D:8      | Noticed Erica
  8353 | D:8      | Killed Erica
  8353 | D:8      | Reached skill level 5 in Invocations
  8353 | D:8      | Reached XP level 10. HP: 76/80 MP: 1/16
  8694 | D:8      | Reached **** piety under Cheibriados
  9416 | D:8      | Noticed Maurice
  9421 | D:8      | Paralysed by Maurice for 7 turns
  9426 | D:8      | Killed Maurice
  9426 | D:8      | Reached skill level 10 in Air Magic
  9469 | D:8      | Reached skill level 1 in Axes
  9470 | D:8      | Noticed a two-headed hydra
  9475 | D:8      | Killed a two-headed hydra
  9475 | D:8      | Reached skill level 2 in Axes
  9520 | D:8      | Reached skill level 3 in Axes
 10144 | D:9      | Reached XP level 11. HP: 70/91 MP: 13/17
 10409 | D:9      | Noticed a hill giant
 10414 | D:9      | Killed a hill giant
 10414 | D:9      | Reached ***** piety under Cheibriados
 10440 | D:9      | Reached skill level 4 in Axes
 10875 | D:9      | Found a blossoming altar of Fedhas.
 11221 | D:9      | Found a stormy altar of Qazlal.
 11400 | D:9      | Reached skill level 5 in Axes
 11672 | D:10     | Entered Level 10 of the Dungeon
 11675 | D:10     | Reached ****** piety under Cheibriados
 12395 | D:10     | Reached skill level 5 in Fighting
 12636 | D:10     | Noticed a hill giant
 12640 | D:10     | Killed a hill giant
 12640 | D:10     | Reached skill level 6 in Axes
 12730 | D:10     | Noticed an unseen horror
 12746 | D:10     | Killed an unseen horror
 13032 | D:11     | Noticed a manticore
 13040 | D:11     | Killed a manticore
 13442 | D:11     | Found a staircase to the Orcish Mines.
 13456 | D:11     | Found Izosch's Weapon Shop.
 13459 | D:11     | Bought the +0 broad axe of Eternal Harmony {flame, MR- Int+4} for 202 gold pieces
 13773 | D:11     | Found a staircase to the Lair.
 14239 | Lair:1   | Entered Level 1 of the Lair of Beasts
 14241 | Lair:1   | Reached skill level 7 in Axes
 14241 | Lair:1   | Reached XP level 12. HP: 103/103 MP: 9/19
 14296 | Lair:1   | Noticed Joseph
 14298 | Lair:1   | Killed Joseph
 14298 | Lair:1   | Reached skill level 5 in Spellcasting
 15138 | Lair:1   | Reached skill level 8 in Axes
 16527 | D:12     | Found a glowing silver altar of Zin.
 17136 | Lair:2   | Reached skill level 9 in Axes
 17242 | Lair:2   | Noticed an eight-headed hydra
 17245 | Lair:2   | Noticed a six-headed hydra
 17246 | Lair:2   | Killed an eight-headed hydra
 17249 | Lair:2   | Killed a six-headed hydra
 17750 | Lair:2   | Found a staircase to the Shoals.
 17833 | Lair:2   | Reached skill level 5 in Dodging
 17838 | Lair:2   | Gained mutation: You can use your snake-like lower body to constrict enemies. [Naga growth]
 17838 | Lair:2   | Reached XP level 13. HP: 71/110 MP: 18/22
 18176 | Lair:2   | Reached skill level 10 in Axes
 18683 | Lair:2   | Upgraded the game from 0.19-a0-1735-g048f9dc to 0.19-a0-1743-g6dcb786
 19135 | Lair:3   | Noticed Snorg
 19290 | Lair:3   | Killed Snorg
 19602 | Lair:3   | Found a staircase to the Snake Pit.
 19758 | Lair:3   | Reached skill level 10 in Invocations
 20072 | Lair:3   | Learned a level 5 spell: Iskenderun's Battlesphere
 20097 | Lair:3   | Found a radiant altar of Vehumet.
 20123 | Lair:3   | Reached skill level 11 in Axes
 21622 | Lair:4   | Reached XP level 14. HP: 116/117 MP: 17/24
 22166 | Lair:5   | Found a runed door.
 22436 | Lair:5   | Reached skill level 12 in Axes
 23288 | Lair:5   | Noticed an acid blob
 23289 | Lair:5   | Found a viscous altar of Jiyva.
 23289 | Lair:5   | Found a staircase to the Slime Pits.
 23320 | Lair:5   | Killed an acid blob
 23488 | Lair:6   | Entered Level 6 of the Lair of Beasts
 23872 | Lair:6   | Reached skill level 10 in Conjurations
 24270 | Lair:6   | Got a bloodstained ring mail
 24281 | Lair:6   | Identified the cursed +1 ring mail of Amelioration {+Inv rC- Int+8 Stlth+} (You found it on level 6 of the Lair of Beasts)
 24777 | Lair:6   | Reached skill level 13 in Axes
 25055 | Lair:6   | Reached XP level 15. HP: 61/128 MP: 5/27
 26076 | Orc:1    | Entered Level 1 of the Orcish Mines
 26837 | Orc:2    | Entered Level 2 of the Orcish Mines
 27027 | Orc:1    | Noticed Josephine
 27032 | Orc:1    | Killed Josephine
 27932 | Orc:2    | Reached skill level 14 in Axes
 29583 | Orc:2    | Found Honut's Assorted Antiques.
 29586 | Orc:2    | Found Kamymeam's Antique Weapon Shoppe.
 29587 | Orc:2    | Found Zotriokite's Gadget Emporium.
 29588 | Orc:2    | Found Izxyejag's Weapon Emporium.
 29592 | Orc:2    | Bought a crystal war axe for 221 gold pieces
 29595 | Orc:2    | Bought a paperback book for 465 gold pieces
 29595 | Orc:2    | Bought a scroll of blinking for 232 gold pieces
 29604 | Orc:2    | Learned a level 8 spell: Chain Lightning
 29644 | Orc:2    | Found a staircase to the Elven Halls.
 29729 | Orc:1    | Identified the +8 war axe of Essigeha {speed, rElec rC- MR+ Dex+2} (You bought it in a shop on level 2 of the Orcish Mines)
 30807 | D:12     | Noticed Rupert
 30998 | D:12     | Killed Rupert
 31254 | D:12     | Reached XP level 16. HP: 137/140 MP: 24/29
 32344 | D:14     | Reached skill level 15 in Axes
 33017 | D:14     | Found a gate to the Vaults.
 34082 | D:14     | Found an opulent altar of Gozag.
 34694 | D:15     | Entered Level 15 of the Dungeon
 35396 | D:15     | Noticed Roxanne
 35417 | D:15     | Killed Roxanne
 35638 | D:15     | Found a staircase to the Depths.
 36160 | Snake:1  | Entered Level 1 of the Snake Pit
 36442 | Snake:1  | HP: 7/142 [black mamba (9)]
 36453 | Snake:1  | HP: 4/142 [naga sharpshooter/arrow (15)]
 36873 | Snake:1  | Noticed Aizul
 36880 | Snake:1  | Killed Aizul
 36881 | Snake:1  | Noticed a nagaraja
 36889 | Snake:1  | Killed a nagaraja
 36900 | Snake:1  | Shot with a bolt by a naga sharpshooter

Vault maps used:
D:1:      lightli_arrival_quake, minmay_unequal
D:2:      serial_bayou, serial_bayou_lagoon_b, serial_bayou_lagoon_a,
          serial_bayou_pond_a, serial_bayou_ford_a, uniq_sigmund
D:3:      lemuel_crystal_altar, nicolae_overflow_hidden_temple, led_xom_imps
D:4:      dk_noncrumbling_3
D:5:      first_bread
D:6:      hangedman_cross_stitches, gammafunk_temple_overflow_claw
D:8:      kennysheep_ambush_hall, hangedman_ranch, uniq_maurice, uniq_erica
D:9:      grunt_temple_overflow_forces_of_nature
D:11:     old_forge, erik_lair_dragon, orc_0_dummy, serial_shops,
          nicolae_shop_crystal
D:12:     basic_altar, grunt_ministairs_12, kennysheep_nub, minivault_28,
          uniq_rupert
D:13:     grunt_ministairs_15
D:14:     hangedman_vaults_entry_quadrant_bands,
          nicolae_gozag_cash_rules_everything_around_me
D:15:     grunt_enter_depths_snipers, serial_park_square2, uniq_roxanne
Temple:   nicolae_temple_x_marks_the_god
Lair:1:   uniq_joseph
Lair:2:   minmay_shoals_entry_beasts
Lair:3:   minmay_snake_entry_guardpost_large, serial_forest,
          infiniplex_forest_end_3, infiniplex_forest_lined_room_,
          infiniplex_forest_straight_5, infiniplex_forest_lined_3_way,
          infiniplex_forest_straight_5, infiniplex_forest_corner_1,
          infiniplex_forest_straight_2, infiniplex_forest_lined_room_2,
          basic_altar, nicolae_quartered_pool_little, uniq_snorg
Lair:5:   lemuel_ratsnest, slime_altar_2, grunt_megastairs_4
Lair:6:   minmay_lair_end_enchanted_forest
Snake:1:  basic_altar, uniq_aizul
Orc:1:    lightli_orcish_oven, uniq_josephine
Orc:2:    st_orc_pillars

Skill      XL: |  1  2  3  4  5  6  7  8  9 10 11 12 13 14 15 16 |
---------------+-------------------------------------------------+-----
Conjurations   | 3 4 5 6 7 8 9 10 11 | 11.4
Air Magic      | 4 5 6 7 9 10 11 | 11.7
Spellcasting   | 3 4 6 7 8 9 |  9.0
Dodging        | 2 3 5 6 7 |  7.0
Invocations    | 1 3 5 6 7 9 10 11 12 | 12.2
Summonings     | 2 3 |  3.0
Shields        | 2 |  2.4
Fighting       | 1 3 5 6 8 9 |  9.1
Axes           | 3 7 9 11 13 14 15 | 15.7
Stealth        | |  3.0

Action                   |  1- 3 |  4- 6 |  7- 9 | 10-12 | 13-15 | 16-18 || total
-------------------------+-------+-------+-------+-------+-------+-------++-------
Melee: Whip              |    22 |    31 |       |       |       |       ||    53
       Spear             |       |    47 |   140 |    74 |       |       ||   261
       Hand axe          |       |       |       |   119 |       |       ||   119
       Broad axe         |       |       |       |   183 |   775 |   226 ||  1184
       Constrict         |       |       |       |       |   191 |    56 ||   247
 Cast: Shock             |    47 |    49 |   224 |   323 |   340 |   106 ||  1089
       Repel Missiles    |     1 |     1 |       |       |     3 |     2 ||     7
       Static Discharge  |     2 |     2 |    15 |     7 |       |       ||    26
       Summon Lightning  |       |       |     9 |    66 |   105 |    39 ||   219
       Lightning Bolt    |       |       |       |    25 |    49 |    30 ||   104
       Iskenderun's Batt |       |       |       |       |     3 |       ||     3
Invok: Slouch            |       |       |       |     1 |    12 |     7 ||    20
 Abil: Spit Poison       |    15 |    10 |    17 |    10 |       |       ||    52
  Use: Scroll            |       |     4 |     8 |    11 |    12 |     9 ||    44
       Potion            |       |       |       |     3 |       |     2 ||     5
 Stab: Sleeping          |       |     2 |     2 |     5 |     4 |     2 ||    15
       Distracted        |       |       |       |     9 |    28 |     4 ||    41
  Eat: Chunk             |     2 |     6 |    14 |    25 |    30 |     8 ||    85
       Pizza             |       |       |       |     3 |       |       ||     3
       Royal jelly       |       |       |       |     1 |     1 |     1 ||     3
       Beef jerky        |       |       |       |       |     1 |     2 ||     3
Armor: Robe              |     9 |    20 |    85 |   177 |   235 |    77 ||   603
Dodge: Dodged            |    20 |    51 |    84 |   214 |   417 |   128 ||   914
       Deflected         |       |     2 |     2 |    14 |    10 |    22 ||    50
Block: Buckler           |       |       |     6 |   153 |   206 |    49 ||   414
       Reflection        |       |       |       |       |       |     2 ||     2
